 Dungeon Crawl Stone Soup version 0.29.1-15-g9cfb28693d (webtiles) character file.

Game seed: 11355734965508839858

9675 Madmarshman the Cleaver (level 11, -4/150 HPs)
             Began as a Minotaur Berserker on Apr 7, 2023.
             Was an Elder of Trog.
             Killed from afar by a gargoyle (13 damage)
             ... with a stone arrow
             ... on level 10 of the Dungeon on Apr 8, 2023.
             The game lasted 01:42:25 (14773 turns).

Madmarshman the Cleaver (Minotaur Berserker)       Turns: 14773, Time: 01:42:26

Health: -4/150     AC: 18    Str: 32    XL:     11   Next: 26%
Magic:  10/10      EV: 11    Int: 10    God:    Trog [****..]
Gold:   401        SH:  0    Dex: 10    Spells: 10/10 levels left

rFire   . . .      SeeInvis .   a - +3 battleaxe (freeze)
rCold   . . .      Faith    +   (shield currently unavailable)
rNeg    . . .      Spirit   .   J - +0 plate armour
rPois   .          Reflect  .   (helmet restricted)
rElec   .          Harm     .   S - +0 cloak
rCorr   .          Rampage  .   r - +0 pair of gloves
Will    ++...                   L - +0 pair of boots
Stlth   ..........              m - amulet of faith
HPRegen 1.35/turn               s - +6 ring of intelligence
MPRegen 0.12/turn               K - +6 ring of strength

@: berserking (expiring), strong-willed, regenerating, very quick
A: horns 2, retaliatory headbutt
a: Renounce Religion, Berserk, Trog's Hand, Brothers in Arms


You were on level 10 of the Dungeon.
You worshipped Trog.
Trog was greatly pleased with you.
You visited 2 branches of the dungeon, and saw 11 of its levels.
You also visited: Sewer.

You collected 633 gold pieces.
You spent 232 gold pieces at shops.

Inventory:

Hand Weapons
 a - a +3 battleaxe of freezing (weapon)
 b - a +0 sling
 q - a +0 mace of electrocution
 F - a +0 war axe
Missiles
 g - 78 stones (quivered)
 l - 34 boomerangs
 t - 39 poisoned darts
 C - 3 curare-tipped darts
Armour
 i - a +0 scale mail
 r - a +0 pair of gloves (worn)
 J - a +0 plate armour (worn)
 L - a +0 pair of boots (worn)
 O - a +2 kite shield
 S - a +0 cloak (worn)
Jewellery
 m - an amulet of faith (around neck)
 s - a +6 ring of intelligence (left hand)
 z - an amulet of guardian spirit
 H - a ring of protection from fire
 K - a +6 ring of strength (right hand)
 M - a ring of flight
Wands
 e - a wand of charming (7)
 D - a wand of flame (24)
 I - a wand of mindburst (18)
 Q - a wand of roots (1)
Scrolls
 c - a scroll of blinking
 k - 2 scrolls of magic mapping
 n - a scroll of poison
 v - a scroll of butterflies
 x - a scroll of enchant armour {unknown}
 B - 3 scrolls of summoning
Potions
 d - 6 potions of curing
 f - 3 potions of brilliance
 h - a potion of haste {unknown}
 j - 3 potions of lignification
 o - 3 potions of attraction
 p - a potion of heal wounds
 u - a potion of berserk rage {unknown}
 w - 2 potions of magic
 A - 2 potions of mutation
 E - 3 potions of resistance {unknown}
 G - 3 potions of degeneration {unknown}


   Skills:
 + Level 10.2 Fighting
 * Level 13.7 Axes
 + Level 9.9 Armour
 + Level 9.0 Dodging


You had 10 spell levels left.
You didn't know any spells.
Your spell library was empty.

Dungeon Overview and Level Annotations

Branches:
Dungeon (10/15)            Temple (1/1) D:5            Lair (0/5) D:8
    Orc (0/2) D:10          Sewer (visited)

Altars:
Ashenzari
Cheibriados
Dithmenos
Elyvilon
Fedhas
Gozag
Hepliaklqana
Kikubaaqudgha
Makhleb
Nemelex Xobeh
Okawaru
Qazlal
Ru
Sif Muna
Trog
Uskayaw
Vehumet
Wu Jian
Xom
Yredelemnul
Zin

Shops:
D:5 ?   D:10 ([

Annotations:
D:8 1 runed translucent door, 2 transporters, Tomstefer's ghost, novice MiBe
D:9 2 runed translucent doors, exclusion: orange crystal statue


Innate Abilities, Weirdness & Mutations

You have a pair of horns on your head.
You reflexively headbutt those who attack you in melee.


Message History

Your Dodging skill increases to level 9!
You slice the yak!! You freeze the yak.
You kill the yak!
Trog accepts your kill.
You slash the ogre! You freeze the ogre.
An ogre comes into view. It is wielding a +0 giant spiked club.
The ogre shouts!
The ogre hits you with a +0 giant club!!
* * * LOW HITPOINT WARNING * * *
The gargoyle hits you but does no damage.
The ogre hits you but does no damage.
Items here: ))) [[ ††.
You feel a strong urge to attack something.
Lodul hits you with a +2 dire flail of holy wrath.
* * * LOW HITPOINT WARNING * * *
The gargoyle barely misses you.
You slice Lodul!! You freeze Lodul!
Lodul is heavily wounded.
You slash the ogre! You freeze the ogre. You slash the gargoyle!
You freeze the gargoyle. You slash Lodul! You freeze Lodul.
Lodul is almost dead.
You slash the ogre! You freeze the ogre. You slice the ogre!!
You freeze the ogre.
You kill the ogre!
Trog accepts your kill.
You slice the ogre!! You freeze the ogre.
You kill the ogre!
Trog accepts your kill.
You slash the gargoyle! You freeze the gargoyle.
The gargoyle hits you with a +0 mace!
* * * LOW HITPOINT WARNING * * *
You slice Lodul!! You freeze Lodul.
You kill Lodul!
Trog accepts your kill.
You slash the ogre! You freeze the ogre. You hit the gargoyle but do no damage.
The ogre misses you.
The gargoyle hurls a stone arrow at you.
The stone arrow hits you!
You die...

.#............. #
............... #
#.............. #
#............. #
#............. #
#............ #
#..O)/...... #.)@.......
###############)9.......
..............))........
.###..........)).....§§.
## ####...###...####§§.§
#....##..## §≈§≈ ##
##......).# §§≈
.#####..##.....# ≈≈
.......####....##


You could see a gargoyle and an ogre.

Vanquished Creatures
  3 death yaks (D:8)
  Lodul (D:10)
  Joseph (D:7)
  Maurice (D:9)
  Prince Ribbit (D:9)
  Grinder (D:6)
  A wraith (D:9)
  6 yaks
  3 steam dragons
  Menkaure (D:6)
  An acid dragon (D:9)
  A water moccasin (D:7)
  3 orc warriors
  3 ice beasts
  2 black bears
  A sky beast (D:6)
  4 centaurs
  7 ogres
  8 kobold brigands
  3 phantoms
  5 bullfrogs
  A gnoll sergeant (D:8)
  A scorpion (D:6)
  3 wights (D:7)
  4 killer bees (D:7)
  2 electric eels (D:7)
  4 howler monkeys
  6 hounds
  A jelly (D:4)
  6 orc priests
  5 iguanas
  9 orc wizards
  14 gnolls
  8 adders
  3 river rats (Sewer)
  A white imp (D:6)
  3 ufetubi
  3 worms
  2 dart slugs (D:1)
  34 orcs
  2 endoplasms
  5 giant cockroaches
  13 goblins
  5 hobgoblins
  3 jackals (D:5)
  A quokka (D:3)
  9 ball pythons
  6 bats
  9 frilled lizards
  29 kobolds
  10 rats
259 creatures vanquished.

Vanquished Creatures (collateral kills)
  A death yak (D:8)
1 creature vanquished.

Vanquished Creatures (others)
  2 fungi (D:8)
  37 plants
39 creatures vanquished.

Grand Total: 299 creatures vanquished

Notes
Turn   | Place    | Note
-------+----------+-------------------------------------------
     0 | D:1      | Madmarshman the Minotaur Berserker began the quest for the
                  | Orb.
     0 | D:1      | Reached XP level 1. HP: 19/19 MP: 0/0
   185 | D:1      | Reached XP level 2. HP: 9/27 MP: 1/1
   387 | D:1      | Reached skill level 4 in Axes
   855 | D:1      | Found a faded altar of an unknown god.
  1003 | D:2      | Reached XP level 3. HP: 33/33 MP: 2/2
  1075 | D:2      | Reached ** piety under Trog
  1686 | D:3      | Reached XP level 4. HP: 40/40 MP: 3/3
  2129 | D:3      | Reached skill level 5 in Axes
  2488 | D:4      | Reached XP level 5. HP: 47/47 MP: 4/4
  2522 | D:4      | Reached *** piety under Trog
  2782 | D:4      | Found an iron altar of Okawaru.
  2947 | D:4      | Found a glowing drain.
  2951 | Sewer    | Entered a sewer
  3142 | Sewer    | Reached XP level 6. HP: 48/55 MP: 5/5
  3247 | Sewer    | Reached skill level 6 in Axes
  3283 | Sewer    | Reached skill level 5 in Fighting
  3756 | D:4      | Found a stormy altar of Qazlal.
  4134 | D:4      | Reached **** piety under Trog
  4186 | D:4      | Reached XP level 7. HP: 56/61 MP: 6/6
  4265 | D:5      | Entered Level 5 of the Dungeon
  4291 | D:5      | Reached skill level 7 in Axes
  4291 | D:5      | Reached skill level 5 in Armour
  4955 | D:5      | Found Korr's Magic Scroll Emporium.
  4961 | D:5      | Bought a scroll of blinking for 112 gold pieces
  4961 | D:5      | Bought a scroll of identify for 30 gold pieces
  4961 | D:5      | Bought a scroll of poison for 60 gold pieces
  4961 | D:5      | Bought a scroll of identify for 30 gold pieces
  5047 | D:5      | Reached XP level 8. HP: 70/70 MP: 7/7
  5209 | D:5      | Reached skill level 5 in Dodging
  5285 | D:5      | Reached skill level 8 in Axes
  5352 | D:5      | Found a broken altar of Ashenzari.
  5764 | D:5      | Found a staircase to the Ecumenical Temple.
  6136 | Temple   | Entered the Ecumenical Temple
  6679 | D:6      | Reached skill level 9 in Axes
  6857 | D:6      | Reached XP level 9. HP: 60/79 MP: 8/8
  6937 | D:6      | Noticed Grinder
  6954 | D:6      | Paralysed by Grinder for 4 turns
  6965 | D:6      | Killed Grinder
  7310 | D:6      | Found a radiant altar of Vehumet.
  7334 | D:6      | Noticed Menkaure
  7339 | D:6      | Killed Menkaure
  7340 | D:6      | Reached skill level 10 in Axes
  7921 | D:7      | Noticed Joseph
  7938 | D:7      | Killed Joseph
  8070 | D:7      | Reached skill level 11 in Axes
  9132 | D:8      | Noticed a death yak
  9147 | D:8      | Noticed a death yak
  9151 | D:8      | Noticed a death yak
  9153 | D:8      | Noticed a death yak
  9154 | D:8      | Killed a death yak
  9155 | D:8      | Reached XP level 10. HP: 88/90 MP: 9/9
  9155 | D:8      | Noticed a death yak
  9169 | D:8      | Killed a death yak
  9170 | D:8      | Reached skill level 12 in Axes
  9182 | D:8      | Killed a death yak
  9188 | D:8      | Killed a death yak
  9219 | D:8      | HP: 4/91 [poisoned by a gnoll]
 11277 | D:8      | Found a runed translucent door.
 11278 | D:8      | Noticed Tomstefer's ghost (novice MiBe)
 11279 | D:8      | Identified the +7 spear of Ifumeena {pain, Fly}
 11716 | D:8      | Found a transporter.
 11721 | D:8      | Found a transporter.
 11730 | D:8      | Noticed a boulder beetle
 11885 | D:8      | Found a white marble altar of Elyvilon.
 11885 | D:8      | Found a snail-covered altar of Cheibriados.
 12087 | D:8      | Found a staircase to the Lair.
 12579 | D:9      | Found the +10 tower shield of Ignorance {rN+ Int-4}
 12587 | D:9      | Found a runed translucent door.
 12636 | D:9      | Found a runed translucent door.
 12638 | D:9      | Noticed an orange crystal statue
 12674 | D:9      | Reached skill level 13 in Axes
 12683 | D:9      | Noticed Maurice
 12695 | D:9      | Killed Maurice
 13395 | D:9      | Noticed Prince Ribbit
 13409 | D:9      | Killed Prince Ribbit
 13410 | D:9      | Reached XP level 11. HP: 83/99 MP: 10/10
 13980 | D:10     | Entered Level 10 of the Dungeon
 14266 | D:10     | Reached skill level 10 in Fighting
 14426 | D:10     | Found Syggec's Armour Shop.
 14437 | D:10     | Found a staircase to the Orcish Mines.
 14440 | D:10     | Found Wykah's Weapon Shop.
 14753 | D:10     | Noticed Lodul
 14773 | D:10     | Killed Lodul
 14773 | D:10     | Killed from afar by a gargoyle

Illustrated notes

Levels and vault maps discovered:
D:1:      lightli_arrival_flooded_house, layout_rooms,
          hellmonk_ecumenical_altar_heavens_door
D:2:      layout_basic
D:3:      layout_basic
D:4:      layout_rooms, mainiacjoe_overflow_surrounded_room,
          nicolae_qazlal_general_emergency, nicolae_ossuary_entry_monument,
          gup_sewer_entry_bowl
D:5:      layout_loops_cross, lemuel_round_altar, minmay_temple_entry_overgrown,
          serial_shops, nicolae_shop_hallway_plus, minivault_24,
          chequers_big_river
D:6:      layout_rooms, nicolae_vehumet_altar_sigil,
          chequers_serial_rivers_micro_e, uniq_grinder, uniq_menkaure
D:7:      layout_loops_cross, serial_bayou_lake_a, uniq_joseph
D:8:      gammafunk_boulding_lane, layout_loops_cross,
          mainiacjoe_overflow_large_starburst, dpeg_lair_monsters,
          ebering_ghost_funeral_grove, enter_bailey_5, minivault_23
D:9:      layout_grid_maze, chequers_guarded_unrand_ignorance, uniq_maurice,
          uniq_prince_ribbit1
D:10:     layout_layer_cave, tso_altar, orc_david_3, serial_shops,
          nicolae_lakefront_shop, uniq_lodul
Temple:   eino_wide_crystal_templ

Skill      XL: |  1  2  3  4  5  6  7  8  9 10 11 |
---------------+----------------------------------+-----
Axes           | 4 5 6 7 9 11 13 | 13.7
Fighting       | 4 5 6 7 8 9 10 | 10.2
Armour         | 3 4 5 6 8 9 |  9.9
Dodging        | 3 4 6 7 8 9 |  9.0

Action                   |  1- 3 |  4- 6 |  7- 9 | 10-12 || total
-------------------------+-------+-------+-------+-------++-------
Melee: Hand axe          |    77 |   150 |   329 |    69 ||   625
       Headbutt          |    13 |    26 |    57 |    31 ||   127
       Punch             |     1 |       |     8 |     1 ||    10
       War axe           |       |       |       |    81 ||    81
       Battleaxe         |       |       |       |    50 ||    50
Throw: Stone             |       |     1 |    14 |     1 ||    16
Invok: Berserk           |     1 |       |     7 |     2 ||    10
       Trog's Hand       |     1 |       |     7 |     2 ||    10
Evoke: Wand              |       |       |     6 |     4 ||    10
  Use: Scroll            |       |       |    15 |     4 ||    19
       Potion            |       |       |       |     4 ||     4
Armor: Leather armour    |     7 |       |       |       ||     7
       Scale mail        |     6 |    38 |    42 |       ||    86
       Plate armour      |       |       |    82 |   125 ||   207
Dodge: Dodged            |    35 |    51 |   135 |    99 ||   320
Block: Kite shield       |       |       |       |    11 ||    11
